 Dungeon Crawl Stone Soup version 0.26.0-20-g3ca415f5b8 (webtiles) character file.

Game seed: 3689561869927419016

33 thiole the Magician (level 3, -1/21 HPs)
             Began as an Octopode Hedge Wizard on Jan 24, 2021.
             Slain by Natasha (8 damage)
             ... on level 2 of the Dungeon.
             The game lasted 00:01:00 (1078 turns).

thiole the Magician (Octopode Hedge Wizard)         Turns: 1078, Time: 00:01:01

Health: -1/21      AC:  1    Str:  9    XL:     3   Next: 29%
Magic:  1/7        EV: 13    Int: 17    God:
Gold:   45         SH:  0    Dex: 11    Spells: 7/8 levels left

rFire    . . .     SeeInvis .   a - +0 dagger
rCold    . . .     Faith    .   (no shield)
rNeg     . . .     Spirit   .   b - +0 hat
rPois    .         Reflect  .   (no amulet)
rElec    .         Harm     .   (no ring)
rCorr    .         Rampage  .   (no ring)
Will     .....                  (no ring)
Stlth    +++.......             (no ring)
HPRegen  0.07/turn              (no ring)
MPRegen  0.10/turn              (no ring)
                                (no ring)
                                (no ring)

@: no status effects
A: almost no armour, stealthy swim, amphibious, 8 rings, constrict 8, camouflage
1, gelatinous body 1
a: no special abilities


You were on level 2 of the Dungeon.
You visited 1 branch of the dungeon, and saw 2 of its levels.

You collected 45 gold pieces.

Inventory:

Hand Weapons
 a - a +0 dagger (weapon)
Armour
 b - a +0 hat (worn)
Scrolls
 c - a scroll of random uselessness {unknown}
 d - 2 scrolls of remove curse {unknown}
 h - a scroll of teleportation {unknown}
 i - a scroll of amnesia {unknown}
Potions
 e - a potion of degeneration {unknown}
 f - a potion of cancellation {unknown}
 g - a potion of mutation {unknown}
 j - a potion of curing {unknown}


   Skills:
 - Level 2.0 Dodging
 + Level 3.1 Stealth
 + Level 3.2 Spellcasting
 * Level 1.9 Conjurations
 * Level 1.9 Summonings
 - Level 1.0 Translocations


You had 7 spell levels left.
You knew the following spells:

 Your Spells              Type           Power        Failure   Level
a - Magic Dart            Conj           36%          8%          1

Your spell library contained the following spells:

 Spells                   Type           Power        Failure   Level
 Call Imp                 Summ           9%           12%         2
 Blink                    Tloc           N/A          17%         2
 Slow                     Hex            2%           26%         2
 Conjure Flame            Conj/Fire      6%           34%         3
 Mephitic Cloud           Conj/Pois/Air  4%           36%         3


Dungeon Overview and Level Annotations

Branches:
Dungeon (2/15)

Altars:

Annotations:
D:2 Natasha


Innate Abilities, Weirdness & Mutations

You cannot wear most types of armour.
You are very stealthy in the water. (Stealth+)
You are amphibious.
You can wear up to eight rings at the same time.
You can use your tentacles to constrict eight enemies at once.
Your skin changes colour to match your surroundings (Stealth+).
Your rubbery body absorbs attacks. (AC +1, EV +1)


Message History

The shadow imp is almost dead.
You constrict the shadow imp. The shadow imp misses you.
You hit the shadow imp.
You kill the shadow imp!
Natasha wildly gestures.
You feel troubled.
You barely miss Natasha. You grab Natasha.
Natasha is moderately wounded.
You constrict Natasha, but do no damage.
Natasha claws you.
You hit Natasha.
Natasha is moderately wounded.
You constrict Natasha.
Natasha mumbles some strange words.
Natasha shimmers violently.
Natasha casts a spell.
You hit Natasha.
Natasha is severely wounded.
You constrict Natasha. Natasha claws you!
You die...

### ##.####... #5......#
#.# #@# #.# #h# #.# #5#
#.. #.#########.###
#.............
##..########.####.#
#######.................#
.....)....########..##..#
........#.# #..##..#


You could see Natasha, a crimson imp (summoned) and a white imp (summoned).

Vanquished Creatures
  2 adders (D:2)
  A dart slug (D:2)
  3 goblins
  A hobgoblin (D:1)
  A bat (D:2)
  A frilled lizard (D:1)
  2 kobolds (D:1)
  5 rats
16 creatures vanquished.

Notes
Turn   | Place    | Note
-------+----------+-------------------------------------------
     0 | D:1      | thiole the Octopode Hedge Wizard began the quest for the
                  | Orb.
     0 | D:1      | Reached XP level 1. HP: 11/11 MP: 4/4
   542 | D:1      | Reached XP level 2. HP: 17/17 MP: 0/6
   959 | D:2      | Reached XP level 3. HP: 21/21 MP: 4/7
  1062 | D:2      | Noticed Natasha
  1078 | D:2      | Slain by Natasha

Illustrated notes

Levels and vault maps discovered:
D:1:      dpeg_arrival_shrine, layout_loops_cross
D:2:      layout_loops_ring, nicolae_overflow_crystal_walls, uniq_robin,
          uniq_natasha

Skill      XL: |  1  2 |
---------------+-------+-----
Stealth        | 3 |  3.1
Dodging        | |  2.0
Spellcasting   | |  3.2
Conjurations   | |  1.9
Summonings     | |  1.9
Translocations | |  1.0

Action                   || total
-------------------------++-------
Melee: Dagger            ||    14
       Constrict         ||     4
       Tentacles         ||     2
 Cast: Magic Dart        ||    49
Armor: Skin              ||     1
Dodge: Dodged            ||    13
